 Dungeon Crawl Stone Soup version 0.20-a0-2-g2b0e13a (webtiles) character file.

75 TheGoonsmith the Sneak (level 4, 0/21 HPs)
             Began as a Spriggan Enchanter on Oct 30, 2016.
             Slain by a river rat (9 damage)
             ... on level 3 of the Dungeon.
             The game lasted 00:04:06 (3155 turns).

TheGoonsmith the Sneak (Spriggan Enchanter)         Turns: 3155, Time: 00:04:06

Health: 0/21       AC:  3    Str:  4    XL:     4   Next: 11%
Magic:  5/9        EV: 17    Int: 16    God:
Gold:   119        SH:  0    Dex: 17    Spells: 2 memorised, 2 levels left

rFire  . . .     SeeInvis +     a - +2 dagger
rCold  . . .     Gourm    .     b - +1 robe
rNeg   . . .     Faith    .     (shield restricted)
rPois  .         Spirit   .     (helmet restricted)
rElec  .         Reflect  .     (no cloak)
rCorr  .         Harm     .     (gloves unavailable)
MR     .....                    (boots unavailable)
Stlth  ++........               (no amulet)
                                (no ring)
                                (no ring)

@: very slightly contaminated, heavily drained, very quick
A: unfitting armour, see invisible, herbivore 3, speed 3, slow metabolism 2
a: no special abilities


You were on level 3 of the Dungeon.
You were hungry.

You visited 1 branch of the dungeon, and saw 3 of its levels.

You collected 119 gold pieces.

Inventory:

Hand Weapons
 a - a +2 dagger (weapon)
Missiles
 e - 42 poisoned needles
 k - 2 tomahawks (quivered)
Armour
 b - a +1 robe (worn)
 s - a +0 buckler
Jewellery
 t - an uncursed amulet of harm
Scrolls
 f - a scroll of amnesia
 h - a scroll of remove curse
Potions
 g - 2 potions of flight
 o - a potion of brilliance {unknown}
 q - 2 potions of heal wounds {unknown}
Books
 c - a book of Maledictions

   Spells                             Type                      Level
   a - Corona                         Hexes                        1
   b - Ensorcelled Hibernation        Hexes/Ice                    2
   c - Confuse                        Hexes                        3
   d - Tukima's Dance                 Hexes                        3
   e - Dazzling Spray                 Conjuration/Hexes            3
Comestibles
 d - 4 bread rations
 u - 4 slices of pizza


   Skills:
 * Level 4.4(2.9) Short Blades
 - Level 3.0(1.5) Dodging
 - Level 4.4(2.9) Stealth
 - Level 2.6(1.2) Spellcasting
 - Level 3.6(2.1) Hexes


You had 2 spell levels left.
You knew the following spells:

 Your Spells              Type           Power        Failure   Level  Hunger
b - Tukima's Dance        Hex            #.......     34%         3    ####...
c - Confuse               Hex            #.......     34%         3    ####...


Dungeon Overview and Level Annotations

Branches:
Dungeon (3/15)

Altars:
Ashenzari
Ru


Innate Abilities, Weirdness & Mutations

You are very small and have problems with some larger weapons.
You are too small for most types of armour.
You have supernaturally acute eyesight. (SInv)
You are a herbivore.
You cover ground extremely quickly.
You need consume almost no food.


Message History

The worm barely misses you.
You barely miss the worm.
The worm is severely wounded.
You hit the worm.
The worm is severely wounded.
The worm bites you.
You hit the worm.
The worm is almost dead.
You hit the worm.
You kill the worm!
You enter the shallow water.
Moving in this stuff is going to be slow.
The river rat completely misses you.
You closely miss the river rat. You barely miss the river rat.
The river rat bites you.
You barely miss the river rat.
The river rat twitches its whiskers.
The river rat completely misses you.
You barely miss the river rat. The river rat bites you!
You die...

#..# ##.#
#.#
#####.##
#......#
#.####.#
#.####†####
#.........#
#.....@≈†≈#
#.....r≈≈≈#
#...≈≈≈≈≈≈#
##..≈≈#####
#.≈≈≈+≈≈≈*
#.≈≈≈*≈∩≈*
#.≈.≈+≈≈≈*
#####*****


You could see a river rat.

Vanquished Creatures
  2 adders
  2 worms (D:3)
  A leopard gecko (D:2)
  2 ball pythons (D:3)
  A giant cockroach (D:3)
  7 goblins
  6 hobgoblins
  9 jackals (D:1)
  A kobold (D:1)
  A quokka (D:3)
  3 bats
  7 frilled lizards
  5 rats
47 creatures vanquished.

Notes
Turn   | Place    | Note
-------+----------+-------------------------------------------
     0 | D:1      | TheGoonsmith the Spriggan Enchanter began the quest for the Orb.
     0 | D:1      | Reached XP level 1. HP: 9/9 MP: 5/5
   591 | D:1      | Reached XP level 2. HP: 9/13 MP: 6/6
   716 | D:1      | You fall through a shaft!
  2077 | D:2      | Reached XP level 3. HP: 16/16 MP: 8/8
  2082 | D:2      | Learned a level 3 spell: Tukima's Dance
  2086 | D:2      | Learned a level 3 spell: Confuse
  2530 | D:2      | Found a sacrificial altar of Ru.
  2778 | D:3      | Found a shattered altar of Ashenzari.
  2958 | D:3      | Noticed an ice beast
  3054 | D:3      | Reached XP level 4. HP: 12/21 MP: 6/9
  3155 | D:3      | Slain by a river rat

Vault maps used:
D:1:      ncdulo_smallfort
D:2:      kb_forest_paths, hangedman_ru_absence, first_bread,
          minmay_misc_feat_ornament
D:3:      kennysheep_goblin_castle, lemuel_doored_altar, portal_sewer_entry_e,
          serial_bayou_pond_b, cheibrodos_ashenzari_chains

Skill      XL: |  1  2  3 |
---------------+----------+-----
Short Blades   | 2 3 4 |  4.4
Dodging        | |  3.0
Stealth        | |  4.4
Spellcasting   | |  2.6
Hexes          | |  3.6

Action                   |  1- 3 |  4- 6 || total
-------------------------+-------+-------++-------
Melee: Dagger            |   229 |    30 ||   259
 Cast: Confuse           |     2 |     1 ||     3
  Use: Scroll            |     9 |       ||     9
 Stab: Sleeping          |     7 |     1 ||     8
       Distracted        |     2 |       ||     2
       Confused          |     2 |       ||     2
Armor: Robe              |    32 |     4 ||    36
Dodge: Dodged            |   185 |     7 ||   192
